 Dungeon Crawl Stone Soup version 0.28.0-45-g0d030f2227 (webtiles) character file.

Game seed: 8779667523724414168

74 GigaChad the Covered (level 4, -2/40 HPs)
             Began as a Minotaur Fighter on Apr 20, 2022.
             Was a Believer of Fedhas.
             Slain by Sigmund
             ... wielding a +0 scythe of freezing
              (5 damage)
             ... on level 3 of the Dungeon.
             The game lasted 00:06:30 (2010 turns).

GigaChad the Covered (Minotaur Fighter)             Turns: 2010, Time: 00:06:31

Health: -2/40      AC:  7    Str: 20    XL:     4   Next: 10%
Magic:  3/3        EV:  9    Int:  5    God:    Fedhas [**....]
Gold:   71         SH:  5    Dex: 12    Spells: 3/3 levels left

rFire   . . .      SeeInvis .   a - +1 long sword
rCold   . . .      Faith    .   c - +0 buckler
rNeg    . . .      Spirit   .   b - +0 scale mail
rPois   .          Reflect  .   (helmet restricted)
rElec   .          Harm     .   (no cloak)
rCorr   +          Rampage  .   (no gloves)
Will    .....                   (no boots)
Stlth   ..........              (no amulet)
HPRegen 0.13/turn               j - ring of resist corrosion
MPRegen 0.08/turn               (no ring)

@: no status effects
A: horns 2, retaliatory headbutt
a: Renounce Religion, Wall of Briars


You were on level 3 of the Dungeon.
You worshipped Fedhas.
Fedhas was pleased with you.
You visited 1 branch of the dungeon, and saw 3 of its levels.

You collected 71 gold pieces.

Inventory:

Hand Weapons
 a - a +1 long sword (weapon)
Missiles
 i - 32 arrows
Armour
 b - a +0 scale mail (worn)
 c - a +0 buckler (worn)
Jewellery
 j - a ring of resist corrosion (left hand)
 p - a ring of poison resistance
Scrolls
 f - 2 scrolls of immolation
 h - a scroll of noise
 k - 2 scrolls of teleportation {unknown}
 n - a scroll of amnesia {unknown}
 o - a scroll of enchant armour {unknown}
Potions
 d - 2 potions of might
 e - 2 potions of attraction {unknown}
 g - 2 potions of mutation {unknown}
 l - a potion of resistance {unknown}
 m - a potion of heal wounds {unknown}


   Skills:
 + Level 4.2 Fighting
 + Level 3.9 Long Blades
 + Level 4.4 Armour
 + Level 0.1 Dodging
 + Level 0.1 Stealth
 + Level 3.8 Shields


You had 3 spell levels left.
You didn't know any spells.
Your spell library contained the following spells:

 Spells                   Type           Power      Damage    Failure   Level
 Magic Dart               Conj           0%         1d3       88%         1
 Call Imp                 Summ           0%         N/A       96%         2
 Mephitic Cloud           Conj/Pois/Air  0%         N/A       99%         3


Dungeon Overview and Level Annotations

Branches:
Dungeon (3/15)

Altars:
Fedhas

Shops:
D:3 (

Annotations:
D:3 Sigmund


Innate Abilities, Weirdness & Mutations

You have a pair of horns on your head.
You reflexively headbutt those who attack you in melee.


Message History

The frilled lizard barely misses you.
You barely miss the frilled lizard. You headbutt the frilled lizard.
You kill the frilled lizard!
Fedhas appreciates your contribution to the ecosystem.
Found an amethyst potion.
You see here a frilled lizard corpse.
Found 10 stones.
e - 2 amethyst potions (gained 1)
Found a robe.
You see here a +0 robe.
Sigmund the Dreaded comes into view.
He is wielding a +0 scythe of freezing and wearing a +2 robe of positive energy.
Sigmund mumbles some strange words.
Sigmund flickers and vanishes!
Deactivating autopickup; reactivate with Ctrl-A.
Something hits you. Something freezes you. Something hits you.
Something freezes you.
You miss something. You closely miss something.
You hear some strange, mumbled words.
A puff of flame appears from out of thin air!
The puff of flame hits you. Something hits you. Something freezes you.
You closely miss something. Your headbutt misses something.
You barely miss something. Something hits you!
* * * LOW HITPOINT WARNING * * *
Something freezes you.
* * * LOW HITPOINT WARNING * * *
You closely miss something. Your headbutt misses something. Something hits you.
* * * LOW HITPOINT WARNING * * *
Something freezes you.
* * * LOW HITPOINT WARNING * * *
You closely miss something. Something hits you but does no damage.
You closely miss something. Something hits you.
* * * LOW HITPOINT WARNING * * *
Something freezes you.
* * * LOW HITPOINT WARNING * * *
You slash something! Something completely misses you.
You hit something. You miss something. Your headbutt misses something.
Something hits you.
You die...
Fedhas appreciates your contribution to the ecosystem.

#
#.......####...
#.#...[..##
#... #.#.####.#
#... #........#
#... ###.######
#... #.# ##..
#.# ######.
###########.#
##...#..
........@{..#
####.......
#############
#.........#
#.........†
#..........
##.#.......
#.#######. #.#
#. #.# ###.
##.### #...


There were no monsters in sight!

Vanquished Creatures
  2 adders (D:2)
  2 worms (D:2)
  A dart slug (D:2)
  2 bats
  5 endoplasms (D:1)
  2 giant cockroaches (D:2)
  5 goblins
  4 hobgoblins
  2 quokkas
  5 frilled lizards
  A kobold (D:1)
  20 rats
51 creatures vanquished.

Notes
Turn   | Place    | Note
-------+----------+-------------------------------------------
     0 | D:1      | GigaChad the Minotaur Fighter began the quest for the Orb.
     0 | D:1      | Reached XP level 1. HP: 19/19 MP: 0/0
   127 | D:1      | Reached XP level 2. HP: 8/27 MP: 1/1
   723 | D:2      | Reached XP level 3. HP: 32/33 MP: 2/2
   733 | D:2      | Found a faded altar of an unknown god.
   766 | D:2      | Prayed at the altar of an unknown god.
   766 | D:2      | Became a worshipper of Fedhas Madash
   766 | D:2      | Reached * piety under Fedhas
  1511 | D:2      | Reached XP level 4. HP: 38/40 MP: 3/3
  1725 | D:3      | Found Legom's Antique Weapon Shop.
  1888 | D:3      | Reached ** piety under Fedhas
  1984 | D:3      | Noticed Sigmund
  2007 | D:3      | HP: 2/40 [something (1)]
  2010 | D:3      | Slain by Sigmund

Illustrated notes

Levels and vault maps discovered:
D:1:      lemuel_arrival_rhombus, layout_rooms, minmay_misc_feat_secret_circle,
          minivault_4
D:2:      layout_loops_ring, hellmonk_ecumenical_altar_blasted,
          chequers_serial_rivers_small_a, minmay_rat_hole
D:3:      layout_loops_cross, serial_shops, shop, uniq_sigmund

Skill      XL: |  1  2  3 |
---------------+----------+-----
Long Blades    | 3 |  3.9
Fighting       | 4 |  4.2
Armour         | 4 |  4.4
Dodging        | |  0.1
Stealth        | |  0.1
Shields        | |  3.8

Action                   |  1- 3 |  4- 6 || total
-------------------------+-------+-------++-------
Melee: Long sword        |    69 |    18 ||    87
       Headbutt          |    11 |     2 ||    13
  Use: Scroll            |     3 |       ||     3
Armor: Scale mail        |    38 |     6 ||    44
Dodge: Dodged            |    40 |    10 ||    50
Block: Buckler           |     5 |     1 ||     6
